Map: Acid Plant LE

Players

Nice

  • Race: Protoss Protoss
  • Spawn Location: 11:00

Nerchio - Winner!

  • Race: Zerg Zerg
  • Spawn Location: 5:00

Event: WCS Austin 2018

VOD

Have the link to the VOD?

Description

Time

  • Played on: June 1, 2018, 11:45 p.m.
  • Length: 13:33

All games in this series

Show
View Real Time Build Order
Export as new Build Order

Nice Protoss 

Build Orders: 1 Gate Expand, Oracle Opening, Phoenix Opening, Archon Immortal, Zealot Archon, Archon Drop 

Get SALT Encoding   

  12  0:00  Probe  
  13  0:12  Probe  
  14  0:20  Pylon  
  14  0:24  Probe  
  15  0:35  Probe  
  15  0:39  Gateway  
  16  0:44  Probe  
  16  0:49  Assimilator  
  17  0:53  Probe  
  18  1:05  Probe  
  19  1:17  Probe  
  20  1:26  Nexus  
  20  1:35  Cybernetics Core  
  20  1:37  Probe  
  21  1:43  Assimilator  
  21  1:49  Probe  
  21  1:51  Pylon  
  22  2:01  Probe  
  22  2:02  Adept  
  23  2:13  Probe  
  26  2:20  Stargate  
  26  2:28  Adept  
  28  2:31  Probe  
  28  2:35  Warp Gate  
  29  2:39  Probe x2  
  29  2:44  Pylon  
  31  2:47  Probe  
  32  2:51  Probe  
  32  2:56  Phoenix  
  33  2:59  Probe  
  33  3:01  Adept  
  33  3:03  Probe  
  39  3:11  Probe  
  40  3:14  Pylon  
  40  3:16  Oracle  
  40  3:18  Gateway  
  43  3:28  Probe  
  43  3:29  Probe  
  45  3:37  Assimilator  
  45  3:40  Assimilator, Probe  
  45  3:41  Probe  
  47  3:45  Twilight Council  
  47  3:51  Probe  
  47  3:52  Probe  
  47  3:53  Pylon  
  49  3:59  Probe  
  49  4:04  Probe  
  49  4:06  Robotics Facility  
  49  4:07  Charge, Probe  
  51  4:16  Probe  
  53  4:19  Probe  
  54  4:28  Probe  
  55  4:31  Gateway  
  55  4:33  Gateway  
  55  4:40  Templar Archives  
  55  4:44  Warp Prism  
  55  4:53  Probe  
  55  4:56  Gateway  
  55  4:59  Gateway  
  54  5:04  Pylon  
  54  5:07  Zealot x2  
  58  5:14  Pylon  
  58  5:24  Nexus  
  58  5:25  Pylon  
  58  5:34  High Templar x2  
  58  5:35  High Templar x2  
  66  5:38  Archon x2  
  65  5:44  Immortal, Pylon  
  69  5:53  Pylon  
  69  6:07  Zealot x6  
  81  6:18  Immortal  
  69  6:33  High Templar  
  69  6:34  Zealot x3, High Templar  
  69  6:35  Zealot, Probe x2  
  69  6:38  Archon, Forge  
  84  6:47  Probe x2  
  84  6:48  Probe  
  86  6:57  Observer  
  86  6:59  Probe x2  
  89  7:02  Sentry  
  89  7:03  Zealot, Sentry x2  
  89  7:04  Probe  
  89  7:07  Gateway, Protoss Ground Weapons Level 1  
  98  7:10  Gateway  
  98  7:11  Probe x2  
  100  7:25  Zealot  
  100  7:27  High Templar  
  100  7:28  Zealot x3, High Templar  
  112  7:30  Probe x3  
  112  7:31  Pylon  
  112  7:33  Archon  
  115  7:53  Zealot x4  
  121  8:02  Zealot x2  
  109  8:12  Immortal  
  109  8:15  Zealot x4  
  83  8:31  Probe x3  
  72  8:34  Assimilator  
  72  8:35  High Templar x3  
  72  8:38  Zealot x2, High Templar  
  72  8:39  Zealot, Assimilator, Immortal  
  86  8:41  Archon  
  86  8:42  Archon  
  86  8:45  Zealot  
  92  9:02  Zealot x3  
  94  9:06  Zealot  
  92  9:12  Zealot x4  
  92  9:14  Immortal  
  88  9:23  Zealot x3  
  79  9:25  Probe x3  
  79  9:27  Protoss Ground Weapons Level 2  
  74  9:34  Zealot  
  74  9:35  Zealot x3  
  73  9:38  Probe x2  
  73  9:39  Probe  
  75  9:46  Probe  
  75  9:47  Probe x2  
  75  9:48  High Templar x4, Warp Prism  
  86  9:55  Archon  
  86  9:56  Probe  
  86  9:57  Archon  
  91  10:11  Pylon  
  89  10:14  Zealot x3  
  95  10:21  Sentry  
  95  10:22  Sentry x2, Observer  
  99  10:34  Photon Cannon  
  100  10:37  Zealot x4  
  100  10:38  Immortal  
  110  11:03  Zealot x8  
  124  11:23  Nexus  
  124  11:24  Pylon  
  120  11:26  Pylon  
  120  11:27  High Templar x3  
  120  11:28  Pylon  
  122  11:32  High Templar x2  
  122  11:33  High Templar  
  122  11:36  Archon x2, Pylon  
  128  11:41  Archon  
  126  11:58  Immortal  
  118  12:05  Psionic Storm  
  112  12:13  Zealot x6  
  112  12:14  Zealot x2  
  94  12:29  Immortal  
  84  12:32  Probe x3  
  84  12:34  High Templar x2  
  84  12:35  High Templar  
  93  12:37  High Templar  
  93  12:44  Probe  
  100  12:50  Dark Shrine  
  100  12:53  Probe x3  
  100  12:56  Zealot x2  
  107  13:02  Photon Cannon  
  107  13:09  High Templar x2  
  111  13:14  Zealot x2  
  111  13:15  Zealot x2  
  99  13:29  Archon  
  99  13:30  Zealot x2  
Show
View Real Time Build Order
Export as new Build Order

Nerchio Zerg - Winner!

Build Orders: Hatch First 

Get SALT Encoding   

  12  0:00  Drone  
  13  0:12  Overlord  
  13  0:17  Drone  
  14  0:30  Drone x2  
  14  0:34  Drone  
  17  0:51  Hatchery  
  17  0:55  Drone  
  17  0:59  Drone  
  18  1:08  Extractor  
  17  1:13  Spawning Pool  
  17  1:17  Drone  
  17  1:20  Drone  
  18  1:28  Drone  
  19  1:38  Overlord  
  19  1:50  Drone  
  20  2:00  Queen  
  22  2:01  Zergling x2  
  22  2:03  Queen  
  22  2:04  Zergling x2  
  26  2:09  Metabolic Boost  
  26  2:12  Drone  
  27  2:16  Drone  
  27  2:21  Drone  
  29  2:26  Drone  
  30  2:41  Drone  
  31  2:45  Zergling x2  
  31  2:47  Overlord  
  31  2:48  Drone  
  33  2:54  Hatchery  
  33  2:55  Overlord  
  31  2:59  Drone  
  32  3:05  Queen  
  32  3:11  Drone x3  
  37  3:14  Drone  
  37  3:16  Drone  
  37  3:18  Drone  
  40  3:20  Drone  
  40  3:23  Drone  
  40  3:24  Drone  
  43  3:29  Overlord  
  43  3:34  Queen  
  43  3:38  Overlord  
  45  3:44  Overlord  
  45  3:47  Spore Crawler  
  44  3:50  Drone x3  
  44  3:53  Drone  
  44  3:54  Drone  
  49  4:02  Drone x2  
  51  4:03  Roach Warren  
  51  4:08  Queen  
  52  4:11  Drone  
  52  4:12  Drone  
  52  4:14  Extractor  
  53  4:21  Drone x2  
  53  4:22  Drone x4  
  53  4:24  Drone  
  60  4:28  Overlord  
  60  4:30  Zergling x4  
  60  4:44  Lair  
  58  4:47  Roach x3  
  58  4:52  Drone x3  
  66  4:55  Drone  
  66  4:58  Drone  
  66  5:00  Drone  
  66  5:07  Overlord  
  67  5:19  Spore Crawler  
  67  5:21  Roach x6  
  77  5:25  Spore Crawler, Roach  
  77  5:27  Roach  
  80  5:29  Overlord  
  80  5:32  Roach  
  80  5:34  Roach  
  84  5:36  Roach  
  84  5:39  Overlord  
  84  5:42  Glial Reconstitution  
  86  5:44  Roach  
  86  5:49  Roach  
  88  5:53  Overlord  
  88  5:56  Roach  
  90  5:57  Overlord  
  90  5:59  Roach  
  90  6:03  Roach  
  94  6:06  Zergling x16  
  94  6:10  Zergling x6  
  105  6:22  Roach x2  
  105  6:23  Roach  
  103  6:28  Overlord  
  103  6:30  Drone x6  
  103  6:31  Drone  
  103  6:32  Drone  
  107  6:35  Drone x2  
  107  6:37  Drone, Extractor  
  107  6:38  Drone  
  110  6:40  Drone  
  110  6:44  Evolution Chamber, Drone  
  110  6:45  Extractor  
  110  6:47  Drone  
  111  6:50  Extractor  
  111  6:51  Drone  
  111  6:55  Drone  
  111  7:00  Drone x4, Hydralisk Den  
  111  7:01  Evolution Chamber, Drone  
  114  7:03  Drone  
  114  7:04  Drone  
  114  7:06  Drone  
  114  7:07  Drone  
  114  7:08  Drone  
  118  7:17  Hatchery  
  115  7:23  Zerg Missile Weapons Level 1  
  115  7:24  Overlord  
  115  7:26  Overlord  
  115  7:31  Hydralisk x4  
  115  7:33  Roach  
  115  7:35  Roach, Ravager  
  115  7:36  Ravager  
  129  7:39  Overlord x2  
  129  7:44  Roach  
  131  7:45  Evolution Chamber  
  131  7:47  Roach  
  131  7:48  Roach x2, Hydralisk  
  131  7:49  Evolution Chamber  
  131  7:50  Roach x2  
  141  7:52  Roach  
  141  7:56  Roach x2  
  141  7:58  Roach  
  145  7:59  Roach  
  145  8:02  Roach  
  145  8:03  Zergling x2  
  145  8:05  Roach x2  
  147  8:07  Roach  
  147  8:10  Roach  
  135  8:14  Roach x2  
  135  8:18  Roach  
  135  8:19  Roach  
  122  8:20  Zergling x2  
  122  8:21  Zergling x2  
  122  8:25  Roach x2  
  122  8:27  Drone x2  
  121  8:29  Drone  
  121  8:31  Drone  
  121  8:32  Drone  
  121  8:33  Drone  
  123  8:35  Drone  
  123  8:37  Drone  
  123  8:38  Overseer  
  123  8:39  Drone  
  123  8:40  Drone  
  127  8:44  Ravager x2  
  129  8:52  Zergling x4  
  129  8:54  Zergling x2  
  132  8:57  Zergling x2  
  132  8:58  Zergling x2  
  132  8:59  Hatchery, Zergling x2  
  132  9:01  Zergling x4  
  132  9:02  Zergling x2  
  132  9:10  Zergling x4  
  132  9:12  Roach  
  115  9:22  Drone x2  
  101  9:28  Drone x2  
  101  9:29  Drone  
  94  9:38  Hydralisk x2  
  94  9:39  Hydralisk  
  94  9:40  Zerg Missile Weapons Level 2  
  94  9:42  Grooved Spines, Hydralisk  
  94  9:43  Queen, Hydralisk  
  94  9:44  Extractor  
  94  9:45  Hydralisk  
  103  9:52  Hydralisk x4  
  110  9:56  Hydralisk  
  112  10:03  Roach  
  112  10:04  Hatchery, Roach x2  
  117  10:12  Hydralisk  
  119  10:14  Hydralisk x3  
  119  10:20  Hydralisk x2  
  119  10:21  Hydralisk  
  129  10:25  Overlord x2  
  129  10:26  Roach  
  133  10:28  Hydralisk  
  133  10:33  Hydralisk  
  137  10:36  Queen  
  137  10:38  Overlord  
  139  10:45  Hydralisk x3  
  139  10:49  Overlord  
  145  10:50  Overlord  
  145  10:54  Muscular Augments, Hydralisk x3  
  145  10:57  Roach x2  
  145  11:00  Roach  
  145  11:01  Roach  
  145  11:03  Roach  
  151  11:05  Roach  
  151  11:06  Roach  
  151  11:07  Ravager  
  151  11:10  Roach  
  160  11:12  Roach  
  160  11:18  Drone x6  
  165  11:28  Baneling Nest, Infestation Pit  
  163  11:39  Overlord x2, Hatchery  
  162  11:40  Extractor  
  162  11:41  Hydralisk x3  
  162  11:45  Hydralisk  
  169  11:51  Hydralisk x3  
  169  11:53  Ravager  
  170  11:59  Zergling x10  
  175  12:03  Zergling x8  
  175  12:05  Zergling x4  
  157  12:19  Roach x2  
  157  12:20  Roach x2  
  154  12:25  Roach x3  
  154  12:26  Roach x2  
  154  12:28  Roach x3  
  154  12:29  Roach x3  
  176  12:30  Roach  
  176  12:35  Roach x2  
  182  12:37  Roach  
  182  12:42  Roach  
  182  12:43  Roach x2  
  190  12:49  Roach x2  
  190  12:50  Roach  
  196  12:55  Roach x2  
  196  12:57  Overlord  
Tags
 
Add a new tag
Caveats
  • Supply blocks, unpowered buildings, or Contaminate may cause inaccurate times.
  • Supply counts are checked every 10 seconds.